 Dungeon Crawl Stone Soup version 0.30-a0-465-g8901f6c8b5 (webtiles) character file.

Game seed: 3212849118785304997

6792 tsouns the Frost Mage (level 11, -7/69 HPs)
             Began as a Gargoyle Ice Elementalist on Dec 19, 2022.
             Was an Initiate of Gozag.
             Engulfed by a cloud of freezing vapour (20 damage)
             ... on level 8 of the Dungeon.
             The game lasted 00:25:23 (8710 turns).

tsouns the Frost Mage (Gargoyle Ice Elementalist)   Turns: 8710, Time: 00:25:24

Health: -7/69      AC: 17    Str: 12    XL:     11   Next: 5%
Magic:  22/31      EV: 12    Int: 29    God:    Gozag
Gold:   1307       SH:  5    Dex: 13    Spells: 8/24 levels left

rFire   + . .      SeeInvis .    e - +0 staff of Battle
rCold   . . .      Faith    .    (no shield)
rNeg    + . .      Spirit   .    t - +2 robe {Will+}
rPois   ∞          Reflect  +    (no helmet)
rElec   +          Harm     .    (no cloak)
rCorr   +          Rampage  .    u - +1 pair of gloves
Will    +....                    s - +2 pair of boots
Stlth   ++........               z - amulet of reflection
HPRegen 0.31/turn                L - ring of Irghawoidd {rF+ rCorr Int+9 Dex+3}
MPRegen 0.22/turn                j - ring of magical power

@: gold aura, studying Staves
A: sickness immunity, AC +8, negative energy resistance 1, electricity
resistance, torment resistance 1, petrification resistance
a: Renounce Religion, Potion Petition, Call Merchant, Bribe Branch


You were on level 8 of the Dungeon.
You worshipped Gozag.
Gozag was most pleased with you.
You visited 1 branch of the dungeon, and saw 8 of its levels.
You also visited: Ossuary.

You collected 2473 gold pieces.
You spent 1129 gold pieces at shops.
You paid 37 gold pieces to Gozag.

Inventory:

Hand Weapons
 a - a +4 scimitar of flaming
 e - the +0 staff of Battle (weapon)
   (You acquired it on level 7 of the Dungeon)

   It enhances your conjuration magic.
   It summons a battlesphere in combat, with strength depending on Conjurations
   skill.
   Its strikes trigger the battlesphere's blasts.
 f - a +1 shortbow of electrocution
 x - a +0 flail of protection
Missiles
 c - 3 javelins
 h - 21 poisoned darts
Armour
 s - a +2 pair of boots (worn)
 t - a +2 robe of willpower (worn)
 u - a +1 pair of gloves (worn)
Jewellery
 j - a ring of magical power (right hand)
 z - an amulet of reflection (around neck)
 C - a ring of see invisible
 L - the ring of Irghawoidd (left hand) {rF+ rCorr Int+9 Dex+3}
   (You bought it in a shop on level 7 of the Dungeon)

   [ring of intelligence]

   Int:       It affects your intelligence (+9).
   Dex:       It affects your dexterity (+3).
   rF:        It protects you from fire.
   rCorr:     It protects you from acid and corrosion.
Wands
 y - a wand of iceblast (11)
 H - a wand of digging (7)
 J - a wand of quicksilver (9)
Scrolls
 i - 2 scrolls of blinking
 m - 2 scrolls of enchant weapon
 p - 2 scrolls of teleportation
 v - 2 scrolls of enchant armour
 D - a scroll of fog
 F - 3 scrolls of vulnerability
 G - a scroll of fear
 I - a scroll of amnesia
Potions
 b - 2 potions of magic
 d - a potion of invisibility
 g - a potion of lignification
 k - a potion of flight
 l - a potion of attraction
 n - 4 potions of heal wounds
 o - 9 potions of curing
 q - 3 potions of haste
 r - 3 potions of might
 w - a potion of berserk rage
 A - 3 potions of brilliance


   Skills:
 + Level 8.4 Fighting
 - Level 4.3 Maces & Flails
 + Level 4.2 Ranged Weapons
 - Level 1.5 Dodging
 - Level 2.1 Stealth
 + Level 7.4 Spellcasting
 + Level 4.8 Conjurations
 + Level 8.8 Ice Magic
 + Level 3.5 Air Magic
 + Level 2.6 Evocations


You had 8 spell levels left.
You knew the following spells:

 Your Spells              Type           Power      Damage    Failure   Level
a - Freeze                Ice            100%       1d10      1%          1
b - Frozen Ramparts       Ice            100%       1d16      1%          3
c - Ozocubu's Armour      Ice            58%        N/A       1%          3
d - Summon Ice Beast      Ice/Summ       36%        N/A       8%          4
e - Freezing Cloud        Conj/Ice/Air   30%        6-21      13%         5

Your spell library contained the following spells:

 Spells                   Type           Power      Damage    Failure   Level
 Beastly Appendage        Tmut           20%        N/A       4%          1
 Dazzling Flash           Conj/Hex       74%        N/A       5%          3
 Wereblood                Tmut           10%        N/A       8%          2
 Kindle Blastsparks       Fire/Tloc/Air  34%        2d12      9%          3
 Ignite Poison            Fire/Tmut/Pois 10%        N/A       14%         3
 Spider Form              Tmut/Pois      10%        N/A       14%         3
 Fulminant Prism          Conj/Hex       18%        3d10      19%         4
 Iskenderun's Mystic Bla  Conj/Tloc      37%        2d9       19%         4
 Irradiate                Conj/Tmut      18%        3d17      45%         5
 Blade Hands              Tmut           5%         N/A       80%         5
 Dragon Form              Tmut           5%         N/A       100%        7


Dungeon Overview and Level Annotations

Branches:
Dungeon (8/15)             Temple (0/1) D:7         Ossuary (visited)
   Lair: D:8-11

Altars:
Dithmenos
Gozag
Ru
Uskayaw
Wu Jian
Xom

Shops:
D:7 =


Innate Abilities, Weirdness & Mutations

You are immune to sickness and miasma.
Your stone body is resilient. (AC +8)
You are immune to poison.
You resist negative energy. (rN+)
You are resistant to electric shocks. (rElec)
You are resistant to unholy torment.
You are immune to petrification.


Message History

You now have 1307 gold pieces (gained 6).
Your battlesphere wavers and loses cohesion.
Found a stone staircase leading up.
A two-headed ogre comes into view.
It is wielding a +0 giant club and a +0 great mace.
You conjure a globe of magical energy.
Casting: Freeze (safe; 1% risk of failure)
Confirm with . or Enter, or press ? or * to list all spells.
Casting: Frozen Ramparts (safe; 1% risk of failure)
Press: ? - help, Dir - look around, f - activate The walls around you are covered in ice.
Casting: Frozen Ramparts (safe; 1% risk of failure)
Confirm with . or Enter, or press ? or * to list all spells.
The spell is quite dangerous to miscast (14% risk of failure)!
Continue anyway?
Aiming: Freezing Cloud (quite dangerous; 14% risk of failure)
Press: ? - help, Dir - move target You feel a surge of power!
That beam is likely to hit you.
Continue anyway?
You are engulfed in freezing vapours.
The two-headed ogre is engulfed in freezing vapours.
Your battlesphere is engulfed in freezing vapours.
Unknown command.
You are engulfed in freezing vapours.
Your battlesphere is engulfed in freezing vapours.
The two-headed ogre is engulfed in freezing vapours.
You are engulfed in freezing vapours.
Your battlesphere is engulfed in freezing vapours. x2
The two-headed ogre is engulfed in freezing vapours.
Your battlesphere is engulfed in freezing vapours.
You are engulfed in freezing vapours.
* * * LOW HITPOINT WARNING * * *
Your battlesphere is engulfed in freezing vapours. x2
The two-headed ogre is engulfed in freezing vapours.
You kill the two-headed ogre!
Your battlesphere is engulfed in freezing vapours.
You have reached level 11!
You swap places.
The frozen ramparts melt away as you move.
You are engulfed in freezing vapours.
You die...
Your body crumbles into a pile of gold.

#..#§#.# #..#§#.# #.
#..#§#.# #. #..#§#.#
##.##########..#§#.#
#..............#§#.#
#..........###.#§#.#
#...######.#...#*#.#
#...#<...#.#.###@#.#
#.....#..#.#.....#.#
#...###.##.#<#####.#.#
.........#.#.# #.#.#
###.######.#.# #.#.#
....# #.#.# #.#.#
##### #.#.# #.#.#
#.#.# #.#.#
#.#.#####.#.#


You could see a friendly battlesphere.

Vanquished Creatures
  Erica (D:8)
  A two-headed ogre (D:8)
  A manticore (D:8)
  A wyvern (D:8)
  A steam dragon (D:7)
  Edmund (D:6)
  A water moccasin (D:6)
  A sky beast (D:6)
  2 black bears
  2 orc warriors (D:6)
  5 ice beasts
  4 ogres
  4 centaurs
  A phantom (D:5)
  3 bullfrogs
  3 kobold brigands
  A gnoll sergeant (D:7)
  A necrophage (D:7)
  Blork the orc (D:6)
  12 scorpions
  A wight (D:6)
  4 killer bees (D:8)
  3 human zombies (Ossuary)
  4 hounds
  6 jellies
  9 orc priests
  2 gnoll boudas
  6 iguanas
  5 orc wizards
  4 scorpion zombies (Ossuary)
  3 mummies (Ossuary)
  6 gnolls
  12 adders
  3 shadow imps
  4 white imps
  2 ufetubi
  2 worms
  2 dart slugs
  19 orcs
  5 ball pythons
  12 endoplasms
  3 giant cockroaches (D:3)
  5 gnoll zombies (Ossuary)
  13 goblins
  5 hobgoblins
  10 jackals
  2 quokkas (D:3)
  4 bats
  2 frilled lizards
  3 goblin zombies (Ossuary)
  2 hobgoblin zombies (Ossuary)
  31 kobolds
  A kobold zombie (Ossuary)
  An orc zombie (Ossuary)
  10 rats
253 creatures vanquished.

Vanquished Creatures (collateral kills)
  An ogre (D:5)
  An orc wizard (D:5)
  A shadow imp (D:5)
3 creatures vanquished.

Grand Total: 256 creatures vanquished

Notes
Turn   | Place    | Note
-------+----------+-------------------------------------------
     0 | D:1      | tsouns the Gargoyle Ice Elementalist began the quest for
                  | the Orb.
     0 | D:1      | Reached XP level 1. HP: 10/10 MP: 3/3
   146 | D:1      | Reached XP level 2. HP: 14/16 MP: 0/5
   164 | D:1      | Reached skill level 1 in Fighting
   551 | D:1      | Reached XP level 3. HP: 17/20 MP: 2/6
  1195 | D:2      | Found an opulent altar of Gozag.
  1209 | D:2      | Became a worshipper of Gozag Ym Sagoz the Greedy
  1400 | D:2      | Reached XP level 4. HP: 23/26 MP: 8/8
  2290 | D:3      | Reached XP level 5. HP: 6/31 MP: 9/9
  2474 | D:3      | Learned a level 3 spell: Frozen Ramparts
  2478 | D:3      | Learned a level 3 spell: Ozocubu's Armour
  2485 | D:3      | Found an ornate altar of the Wu Jian Council.
  2488 | D:3      | Found a sacrificial altar of Ru.
  2491 | D:3      | Found a faded altar of an unknown god.
  2509 | D:3      | Reached skill level 5 in Ice Magic
  2884 | D:4      | Reached XP level 6. HP: 36/37 MP: 11/11
  3772 | D:5      | Entered Level 5 of the Dungeon
  3784 | D:5      | Reached XP level 7. HP: 28/43 MP: 12/13
  4067 | D:5      | Learned a level 4 spell: Summon Ice Beast
  4149 | D:5      | Reached skill level 1 in Maces & Flails
  4169 | D:5      | Reached skill level 5 in Fighting
  4282 | D:5      | Reached XP level 8. HP: 28/49 MP: 15/15
  4294 | D:5      | Got Sif Muna's Book of Cursed Transposition
  4564 | D:5      | Reached skill level 5 in Spellcasting
  4838 | D:5      | Found a shadowy altar of Dithmenos.
  4884 | D:6      | Noticed Edmund
  4895 | D:6      | Killed Edmund
  5023 | D:6      | Found a shimmering altar of Xom.
  5249 | D:6      | Reached XP level 9. HP: 54/56 MP: 17/17
  5261 | D:6      | Noticed Blork the orc
  5265 | D:6      | Killed Blork the orc
  5284 | D:6      | Learned a level 5 spell: Freezing Cloud
  5859 | D:6      | Reached skill level 1 in Ranged Weapons
  5859 | D:6      | Reached skill level 1 in Conjurations
  5859 | D:6      | Reached skill level 1 in Air Magic
  6250 | D:7      | Reached XP level 10. HP: 63/63 MP: 19/19
  6321 | D:7      | Found a staircase to the Ecumenical Temple.
  6615 | D:7      | Found a hide-covered altar of Uskayaw.
  6789 | D:7      | Found Kuteng's One-of-a-Kind Rings.
  6793 | D:7      | Bought the ring of Irghawoidd {rF+ rCorr Int+9 Dex+3} for
                  | 1129 gold pieces
  6802 | D:7      | Identified a scroll of acquirement
  6802 | D:7      | Acquired the +0 staff of Battle
  6802 | D:7      | Found the +0 staff of Battle
  7395 | D:8      | Found a sand-covered staircase.
  7411 | Ossuary  | Entered an ossuary
  7592 | Ossuary  | Reached skill level 1 in Evocations
  8110 | D:8      | Noticed a manticore
  8126 | D:8      | Killed a manticore
  8344 | D:8      | Noticed Erica
  8352 | D:8      | Killed Erica
  8704 | D:8      | Noticed a two-headed ogre
  8709 | D:8      | Killed a two-headed ogre
  8710 | D:8      | Reached XP level 11. HP: 13/69 MP: 22/22
  8710 | D:8      | Engulfed by a cloud of freezing vapour

Illustrated notes

Levels and vault maps discovered:
D:1:      dpeg_arrival_stonehenge_8_columns, layout_loops_ring
D:2:      layout_basic, basic_altar
D:3:      layout_rooms, mainiacjoe_overflow_catwalk_spiral, serial_aquarium,
          aquarium_bridge_square [aquarium_subvault_bridge,
          aquarium_subvault_bridge, aquarium_subvault_wall,
          aquarium_subvault_bridge], aquarium_bridge_island_small
          [aquarium_subvault_small_water, aquarium_subvault_window,
          aquarium_subvault_window, aquarium_subvault_bridge,
          aquarium_subvault_bridge], aquarium_window_corridor_2,
          aquarium_window_1, aquarium_window_2, aquarium_view_2d,
          dreamdust_ecumenical_altar_statues
D:4:      layout_basic, guppyfry_early_lair_pool
D:5:      minmay_octagon_keep, layout_gridville, nicolae_overflow_hidden_temple,
          minmay_quadrilaterals
D:6:      minmay_polygon_palace, layout_cave_pools,
          mainiacjoe_overflow_surrounded_room, minivault_10,
          grunt_decor_junction, kennysheep_minor_cross, uniq_edmund,
          uniq_blork_the_orc
D:7:      layout_loops_ring, mainiacjoe_overflow_alcove_4,
          minmay_temple_entry_glassed_door, nicolae_shop_unique_rings,
          kennysheep_diamond, corexii_item_surrounded_by_moat
D:8:      layout_basic, lightli_ossuary_entry_decrepit_ruins, uniq_erica

Skill      XL: |  1  2  3  4  5  6  7  8  9 10 |
---------------+-------------------------------+-----
Fighting       | 1 2 3 4 5 6 7 8 |  8.4
Spellcasting   | 3 4 5 6 7 |  7.4
Ice Magic      | 5 6 7 8 |  8.8
Maces & Flails | 1 3 4 |  4.3
Ranged Weapons | 2 4 |  4.2
Conjurations   | 2 4 |  4.8
Air Magic      | 2 3 |  3.5
Evocations     | 2 |  2.6
Dodging        | |  1.5
Stealth        | |  2.1

Action                   |  1- 3 |  4- 6 |  7- 9 | 10-12 || total
-------------------------+-------+-------+-------+-------++-------
Melee: Unarmed           |     6 |       |       |       ||     6
       Whip              |    25 |    69 |    59 |       ||   153
       Staff             |       |       |       |   141 ||   141
       Punch             |       |       |       |     2 ||     2
 Fire: Shortbow          |       |       |    64 |    40 ||   104
Throw: Javelin           |     4 |       |     2 |       ||     6
       Dart              |       |       |     1 |     9 ||    10
 Cast: Freeze            |    57 |    72 |    63 |    29 ||   221
       Frozen Ramparts   |       |     2 |    19 |    11 ||    32
       Ozocubu's Armour  |       |       |     3 |       ||     3
       Summon Ice Beast  |       |       |     1 |       ||     1
       Freezing Cloud    |       |       |       |     3 ||     3
  Use: Scroll            |       |    12 |     3 |     7 ||    22
       Potion            |       |       |       |     4 ||     4
 Stab: Sleeping          |     1 |     4 |       |       ||     5
       Distracted        |       |     1 |       |     1 ||     2
Armor: Robe              |    26 |    51 |    88 |    84 ||   249
Dodge: Dodged            |    37 |    77 |    82 |   118 ||   314
Block: Other             |       |       |       |     8 ||     8

Table legend: (Time is in decaauts)
 A = Elapsed time spent in this place.
 B = Non-inter-level travel time spent in this place.
 C = Inter-level travel time spent in this place.
 D = Time resting spent in this place.
 E = Time spent auto-exploring this place.
 F = Levels seen in this place.
 G = Mean time per level.
                   A        B        C        D        E       F      G
               +--------+--------+--------+--------+--------+-----+--------+
         Total |   8755 |   8651 |    104 |      0 |   6556 |   9 |  972.8 |
       Dungeon |   8306 |   8202 |    104 |      0 |   6378 |   8 | 1038.2 |
       Ossuary |    449 |    449 |      0 |      0 |    178 |   1 |  449.0 |
               +--------+--------+--------+--------+--------+-----+--------+

Top non-repeatable levels by time:
     D:6: 1318 daAuts
     D:7: 1210 daAuts
     D:5: 1113 daAuts
     D:3: 988 daAuts
     D:1: 960 daAuts
     D:4: 923 daAuts
     D:2: 908 daAuts
     D:8: 882 daAuts
 Ossuary: 449 daAuts
